 Dungeon Crawl Stone Soup version 0.27-a0-686-gaed091b46b (webtiles) character file.

Game seed: 15358921686886677080

151 night the Ruffian (level 5, 0/40 HPs)
             Began as a Draconian Transmuter on Mar 19, 2021.
             Succumbed to a gnoll's poison
             ... while paralysed
             ... on level 3 of the Dungeon on Mar 20, 2021.
             The game lasted 00:05:15 (2566 turns).

night the Ruffian (Draconian Transmuter)            Turns: 2566, Time: 00:05:16

Health: 0/40       AC:  6    Str: 11 (14) XL:     5   Next: 10%
Magic:  6/8        EV:  2    Int: 11 (13) God:
Gold:   86         SH:  0    Dex:  9 (11) Spells: 5/8 levels left

rFire    . . .     SeeInvis .     - Unarmed
rCold    . . .     Faith    .   (no shield)
rNeg     . . .     Spirit   .   (armour unavailable)
rPois    .         Reflect  .   (helmet restricted)
rElec    .         Harm     .   (no cloak)
rCorr    .         Rampage  .   (no gloves)
Will     .....                  i - +0 pair of boots
Stlth    +.........             (no amulet)
HPRegen  0.13/turn              (no ring)
MPRegen  0.11/turn              (no ring)

@: paralysed, lethally poisoned (0 -> -8), berserk cooldown, slowed
A: AC +5, unfitting armour, cold-blooded
a: no special abilities


You were on level 3 of the Dungeon.
You visited 1 branch of the dungeon, and saw 3 of its levels.

You collected 86 gold pieces.

Inventory:

Missiles
 a - 38 poisoned darts
 b - 97 stones
 c - 13 arrows
 h - 21 sling bullets
 j - 15 bolts
Armour
 i - a +0 pair of boots (worn)
Scrolls
 e - a scroll of amnesia {unknown}
 g - a scroll of identify {unknown}


   Skills:
 - Level 1.1 Fighting
 + Level 2.8 Dodging
 * Level 4.6 Unarmed Combat
 - Level 2.0 Spellcasting
 + Level 3.1 Transmutations


You had 5 spell levels left.
You knew the following spells:

 Your Spells              Type           Power      Damage    Failure   Level
a - Beastly Appendage     Tmut           14%        N/A       9%          1
b - Wereblood             Tmut           7%         N/A       12%         2

Your spell library contained the following spells:

 Spells                   Type           Power      Damage    Failure   Level
 Spider Form              Tmut/Pois      2%         N/A       43%         3
 Ice Form                 Ice/Tmut       4%         N/A       83%         4
 Blade Hands              Tmut           3%         N/A       92%         5


Dungeon Overview and Level Annotations

Branches:
Dungeon (3/15)

Altars:
Ru


Innate Abilities, Weirdness & Mutations

Your plain brown scales are hard. (AC +5)
You cannot fit into any form of body armour.
You are cold-blooded and may be slowed by cold attacks.


Message History

You barely miss the gnoll.
The gnoll is moderately wounded.
The gnoll hits you but does no damage.
You hit the gnoll but do no damage.
The gnoll is moderately wounded.
The gnoll hits you from afar with a +0 halberd!
* * * LOW HITPOINT WARNING * * *
The gnoll misses you.
It was a potion of degeneration.
There was something very wrong with that liquid.
You feel weakened.
You feel dopey.
You feel clumsy. The gnoll closely misses you.
Your magical contamination has completely faded away.
It was a potion of berserk rage.
A red film seems to cover your vision as you go berserk!
You feel yourself moving faster!
You feel mighty! The gnoll closely misses you.
You closely miss the gnoll. You punch the gnoll.
The gnoll is heavily wounded.
You punch the gnoll!
You kill the gnoll!
You have reached level 5!
You are too berserk!
The gnoll hits you with a +2 whip of venom.
* * * LOW HITPOINT WARNING * * *
You are lethally poisoned!
The gnoll hits you but does no damage.
You barely miss the gnoll.
* * * LOW HITPOINT WARNING * * *
You feel sick. The gnoll closely misses you.
You punch the gnoll!
You kill the gnoll!
* * * LOW HITPOINT WARNING * * *
You feel sick. The gnoll barely misses you.
You feel a strong urge to attack something.
* * * LOW HITPOINT WARNING * * *
You feel sick.
You feel your anger nearly subside.
You are no longer berserk.
You pass out from exhaustion.
You feel yourself slow down.
You die...

..........###+#.###
...r............ #........
##+#######........
#.................
#............#....
#............# ###
#..............#
####....@#######+.#
#.......#...#...#...
#######....#...#...# ..
##.....##...#.......#
##.......#.#####g_.### .
#....>.....###.).....### ...
#.8.....8..#.#...#†..#.##....
#........†.#g#...#..)#.......
#...8.8......'#######'..#


You could see a gnoll.

Vanquished Creatures
  An orc wizard (D:3)
  Terence (D:2)
  2 gnolls (D:3)
  2 adders (D:2)
  An ooze (D:3)
  4 worms (D:2)
  2 dart slugs
  3 leopard geckos (D:3)
  A ball python (D:1)
  A giant cockroach (D:2)
  4 goblins
  4 hobgoblins
  2 quokkas
  7 bats
  6 frilled lizards
  4 kobolds
  5 rats
50 creatures vanquished.

Notes
Turn   | Place    | Note
-------+----------+-------------------------------------------
     0 | D:1      | night the Draconian Transmuter began the quest for the Orb.
     0 | D:1      | Reached XP level 1. HP: 16/16 MP: 3/3
    80 | D:1      | Reached skill level 2 in Dodging
   102 | D:1      | Reached XP level 2. HP: 23/23 MP: 5/5
   932 | D:2      | HP: 1/23 [worm (12)]
  1336 | D:2      | Reached XP level 3. HP: 27/28 MP: 6/6
  1695 | D:2      | Reached skill level 4 in Unarmed Combat
  1733 | D:2      | Noticed Terence
  1737 | D:2      | Learned a level 2 spell: Wereblood
  1747 | D:2      | Killed Terence
  1748 | D:2      | Reached XP level 4. HP: 25/35 MP: 3/7
  2362 | D:3      | Found a sacrificial altar of Ru.
  2517 | D:3      | Upgraded the game from 0.27-a0-681-g0c81a3c1c3 to
                  | 0.27-a0-686-gaed091b46b
  2552 | D:3      | HP: 3/35 [gnoll/+0 halberd (11)]
  2560 | D:3      | Reached XP level 5. HP: 6/40 MP: 6/8
  2560 | D:3      | HP: 4/60 [gnoll/+2 whip of venom (2)]
  2564 | D:3      | HP: 1/60 [poisoned by a gnoll]
  2566 | D:3      | Succumbed to a gnoll's poison

Illustrated notes

Levels and vault maps discovered:
D:1:      tarquinn_simple_flora_water_e, layout_basic, minivault_26,
          hangedman_glass_teeth, hex_medium
D:2:      layout_loops_corners, uniq_terence
D:3:      layout_basic, gammafunk_temple_overflow_elements, grunt_ministairs_10,
          nicolae_ru_great_annihilating_truth

Skill      XL: |  1  2  3  4 |
---------------+-------------+-----
Dodging        | 2 |  2.8
Unarmed Combat | 4 |  4.6
Transmutations | 3 |  3.1
Fighting       | |  1.1
Spellcasting   | |  2.0

Action                   |  1- 3 |  4- 6 || total
-------------------------+-------+-------++-------
Melee: Unarmed           |   127 |    50 ||   177
       Tailslap          |    16 |     3 ||    19
       Headbutt          |     8 |     3 ||    11
       Kick              |     5 |     5 ||    10
       Punch             |     2 |     1 ||     3
 Cast: Beastly Appendage |    10 |     5 ||    15
       Wereblood         |     1 |     1 ||     2
  Use: Scroll            |     1 |       ||     1
       Potion            |       |     2 ||     2
 Stab: Paralysed         |       |     1 ||     1
       Sleeping          |       |     1 ||     1
Armor: Skin              |    38 |    14 ||    52
Dodge: Dodged            |    76 |    45 ||   121

Table legend: (Time is in decaauts)
 A = Elapsed time spent in this place.
 B = Non-inter-level travel time spent in this place.
 C = Inter-level travel time spent in this place.
 D = Time resting spent in this place.
 E = Time spent auto-exploring this place.
 F = Levels seen in this place.
 G = Mean time per level.
                   A        B        C        D        E       F      G
               +--------+--------+--------+--------+--------+-----+--------+
         Total |   2549 |   2491 |     58 |    411 |   1677 |   3 |  849.7 |
       Dungeon |   2549 |   2491 |     58 |    411 |   1677 |   3 |  849.7 |
               +--------+--------+--------+--------+--------+-----+--------+

Top non-repeatable levels by time:
     D:2: 1420 daAuts
     D:1: 893 daAuts
     D:3: 236 daAuts
